 Dungeon Crawl Stone Soup version 0.19.1 (webtiles) character file.

1071 kae the Chopper (level 8, -3/42 HPs)
             Began as a Vine Stalker Fighter on Dec 17, 2016.
             Killed from afar by a white imp (12 damage)
             ... with a puff of frost
             ... summoned by Eustachio
             ... on level 6 of the Dungeon.
             The game lasted 00:05:46 (4742 turns).

kae the Chopper (Vine Stalker Fighter)              Turns: 4742, Time: 00:05:46

Health: -3/42      AC:  8    Str: 21    XL:     8   Next: 28%
Magic:  0/9        EV:  7    Int:  8    God:
Gold:   166        SH:  9    Dex: 14    Spells: 0 memorised, 7 levels left

rFire  . . .     SeeInvis +     a - +1 war axe
rCold  . . .     Gourm    .     b - +0 scale mail
rNeg   . . .     Faith    .     c - +0 shield
rPois  .         Spirit   +     (no helmet)
rElec  .         Reflect  .     s - +0 cloak
rCorr  .         Harm     .     (no gloves)
MR     +....                    i - +0 pair of boots
Stlth  ..........               (no amulet)
                                (no ring)
                                r - ring of see invisible

@: heavily drained
A: fangs 3, regeneration 1, magic shield, antimagic bite, no device heal 3, rot
immunity
a: no special abilities


You were on level 6 of the Dungeon.
You were not hungry.

You visited 1 branch of the dungeon, and saw 6 of its levels.

You collected 226 gold pieces.
You spent 60 gold pieces at shops.

Inventory:

Hand Weapons
 a - a +1 war axe (weapon)
Missiles
 j - a throwing net (quivered)
Armour
 b - a +0 scale mail (worn)
 c - a +0 shield (worn)
 i - a +0 pair of boots (worn)
 s - a +0 cloak (worn)
Jewellery
 r - a ring of see invisible (left hand)
Wands
 v - a wand of paralysis (8/24)
Scrolls
 e - 7 scrolls of identify
 h - a scroll of amnesia
 p - a scroll of blinking
 q - a scroll of teleportation
 w - a scroll of remove curse
 y - 2 scrolls of fear
 C - a scroll of acquirement {unknown}
 D - a scroll of enchant weapon
 E - a scroll of recharging
 F - a scroll of summoning {unknown}
Potions
 d - a potion of might
 g - 2 potions of agility {unknown}
 k - 2 potions of degeneration
 l - a potion of flight {unknown}
 m - a potion of haste {unknown}
 n - a potion of berserk rage {unknown}
 t - a potion of lignification {unknown}
 u - a potion of heal wounds {unknown}
 x - 2 potions of curing
 z - a potion of ambrosia {unknown}
 A - 2 potions of mutation
 B - a potion of brilliance {unknown}
Comestibles
 f - 4 bread rations
 o - a meat ration
 G - 2 chunks of flesh


   Skills:
 + Level 4.6(2.7) Fighting
 * Level 5.7(3.7) Axes
 + Level 4.2(2.3) Armour
 + Level 4.7(2.8) Shields


You had 7 spell levels left.
You didn't know any spells.

Dungeon Overview and Level Annotations

Branches:
Dungeon (6/15)             Temple (0/1) D:6

Altars:

Shops:
D:4 ?

Annotations:
D:6 Eustachio


Innate Abilities, Weirdness & Mutations

You have razor-sharp teeth.
Your natural rate of healing is unusually fast.
When hurt, damage is shared between your health and your magic reserves.
Your bite disrupts and absorbs the magic of your enemies.
Potions and wands cannot restore your health.
You are immune to rotting.


Message History

Eustachio is lightly wounded.
You hit the white imp. You barely miss the white imp.
Eustachio hits you but does no damage.
You feel drained.
The white imp hits you but does no damage.
You block the white imp's attack.
Eustachio hits you with a rapier of draining.
You feel drained.
You closely miss Eustachio. Your bite misses Eustachio.
Eustachio is lightly wounded.
You closely miss the white imp. You hit the white imp.
The white imp hits you but does no damage.
The white imp gestures at you. The puff of frost hits you!
* * * LOW HITPOINT WARNING * * *
Eustachio gestures wildly while chanting.
Eustachio blinks!
You block the white imp's attack.
The white imp hits you but does no damage.
The white imp gestures at you. The puff of frost hits you!
You die...

#...... ########
.......## ......##
#......##.#......#
#......##.#....%.####
.....##...@........
...# #......#####.
#.####...55...>... #
#.......#.@#.###
#.##..#########
#..<........
#####..##### ....).
##.#### .. ... #..#


You could see Eustachio and 2 white imps.

Vanquished Creatures
  Sigmund (D:4)
  The ghost of Nydiazath the Covert, an amateur SpEn (D:3)
  2 ogres (D:4)
  A scorpion (D:4)
  A howler monkey (D:3)
  Crazy Yiuf (D:4)
  A bullfrog skeleton (D:5)
  An orc priest (D:5)
  A hound (D:4)
  4 orc wizards
  4 worker ants
  3 gnolls (D:4)
  5 adders
  A shadow imp (D:5)
  An adder skeleton (D:4)
  4 worms
  6 dart slugs
  2 leopard geckos
  14 orcs
  10 bats
  4 giant cockroaches
  10 hobgoblins
  3 frilled lizards
  6 goblins
  2 jackal skeletons (D:4)
  7 kobolds
  9 rats
105 creatures vanquished.

Vanquished Creatures (others)
  A fungus (D:4)
1 creature vanquished.

Grand Total: 106 creatures vanquished

Notes
Turn   | Place    | Note
-------+----------+-------------------------------------------
     0 | D:1      | kae the Vine Stalker Fighter began the quest for the Orb.
     0 | D:1      | Reached XP level 1. HP: 11/11 MP: 2/2
    18 | D:1      | Reached skill level 2 in Axes
    39 | D:1      | Reached XP level 2. HP: 16/16 MP: 3/3
   702 | D:1      | Reached XP level 3. HP: 19/19 MP: 4/4
  1422 | D:2      | Gained mutation: Your natural rate of healing is unusually fast. [Vine Stalker growth]
  1422 | D:2      | Reached XP level 4. HP: 24/24 MP: 5/5
  1943 | D:3      | Noticed Nydiazath's ghost (amateur SpEn)
  2207 | D:3      | Reached skill level 3 in Axes
  2207 | D:3      | Reached XP level 5. HP: 28/28 MP: 6/6
  2550 | D:3      | Killed Nydiazath's ghost
  2550 | D:3      | Reached XP level 6. HP: 4/32 MP: 7/7
  2760 | D:4      | Found Doidgh's Magic Scroll Emporium.
  2770 | D:4      | Noticed Sigmund
  2782 | D:4      | Killed Sigmund
  2782 | D:4      | Reached skill level 4 in Axes
  2782 | D:4      | Reached XP level 7. HP: 29/37 MP: 8/8
  2800 | D:4      | Bought a scroll of identify for 20 gold pieces
  2800 | D:4      | Bought a scroll of identify for 20 gold pieces
  2800 | D:4      | Bought a scroll of identify for 20 gold pieces
  3223 | D:4      | Reached skill level 5 in Axes
  3749 | D:4      | Found a runed door.
  3753 | D:4      | Noticed Crazy Yiuf
  3809 | D:4      | Killed Crazy Yiuf
  3809 | D:4      | Gained mutation: You have razor-sharp teeth. [Vine Stalker growth]
  3809 | D:4      | Reached XP level 8. HP: 30/42 MP: 6/9
  3875 | D:5      | Entered Level 5 of the Dungeon
  4728 | D:6      | Found a staircase to the Ecumenical Temple.
  4730 | D:6      | Noticed Eustachio
  4742 | D:6      | Killed from afar by a white imp

Skill      XL: |  1  2  3  4  5  6  7 |
---------------+----------------------+-----
Axes           | 2 3 4 5 |  5.7
Shields        | 3 4 |  4.7
Fighting       | 3 4 |  4.6
Armour         | 3 4 |  4.2

Action                   |  1- 3 |  4- 6 |  7- 9 || total
-------------------------+-------+-------+-------++-------
Melee: War axe           |   102 |    97 |   129 ||   328
       Bite              |    24 |    26 |    40 ||    90
  Use: Potion            |       |     1 |       ||     1
       Scroll            |       |    12 |       ||    12
  Eat: Chunk             |     2 |     4 |     7 ||    13
Armor: Scale mail        |    55 |    36 |    53 ||   144
Dodge: Dodged            |    39 |    32 |    33 ||   104
Block: Shield            |    72 |    39 |    82 ||   193
